cohdb
Replays
Latest Replays
All Replays
Popular Replays
Top Player Replays
Match Explorer
How It Works
Community
CoH3 Stats
Reddit
Sign in to upload your games and track your stats! →
Sign in with Steam
Match 40281618
Unlisted
Match 40281618
Overview
Messages
Build Orders
End
Construct Barracks
Riflemen Squad
Selects Advanced Infantry Battlegroup
Riflemen Squad
Riflemen Squad
Construct Weapon Support Center
Selects Convert to Ranger Squad
M1919 Machine Gun Team
M1 Mortar Team
Infantry Support Center
Convert to Ranger Squad
Selects Frontline Medical Station
Frontline Medical Station
Convert to Ranger Squad
Construct Tank Depot
Selects Infantry Assault
M18 Hellcat Tank Destroyer
Improved M9 Bazooka Rockets
Selects Ammunition Storage
Advanced Logistics
Engineer Squad
Survival Training
Selects M2A1 105mm Howitzer Emplacement
Selects 155mm Rapid Artillery Barrage
Convert to Ranger Squad
155mm Rapid Artillery Barrage
Infantry Assault
Fright
DuDe
Alnanaz
InDex
VRomano
Ragnar Lothbrok
MENGO456
Moltke1871
0
0
Comments
sign in to comment!
No comments posted yet!